 Dungeon Sprint DCSS version 0.16-a0-1196-ged0958e (webtiles) character file.

20183 Gustav the Honourless (level 13, -2/101 HPs)
             Began as a Formicid Fighter on Oct 10, 2014.
             Was an Elder of the Shining One (penitent).
             Slain by an angel
             ... wielding the +10 glaive of Scorn {chop, rElec}
              (6 damage)
             ... in the Dungeon (Sprint V: "Ziggurat Sprint").
             The game lasted 00:18:12 (1093 turns).

Gustav the Honourless (Formicid Fighter)            Turns: 1093, Time: 00:18:12

Health: -2/101     AC: 34    Str: 31    XL:     13   Next: 10%
Magic:  33/33      EV: 10    Int:  9    God:    *the Shining One
Gold:   0          SH: 30    Dex: 20    Spells: 0 memorised, 12 levels left

rFire  + + +     SeeInvis +     M - +7 great mace "Firestarter" {flame, rF++}
rCold  + . .     Clarity  .     K - +15 Maxwell's patent armour {rC+ rF+, -Cast -Tele MR+}
rNeg   + + +     SustAb   .     L - +18 shield of the gong {rElec rN+ MR+ EV-5}
rPois  .         Gourm    .     (helmet unavailable)
rElec  +         Spirit   .     (no cloak)
rCorr  .         Warding  .     P - +1 pair of gloves {archery}
rMut   .         Stasis   +     (no boots)
MR     ++++.     NoCast   +     U - amulet of Thruo {Faith MR+ Str+4 SInv Stlth+}
Stlth  ..........               A - +6 ring of dexterity
                                E - +6 ring of strength

@: glowing, studying Necromancy, incredibly resistant to hostile enchantments,
extremely unstealthy
A: permanent stasis, dig shafts and tunnels, four strong arms, antennae 3
a: Dig, Renounce Religion


You were in the Dungeon.
You worshipped the Shining One.
The Shining One was demanding penance.
You were not hungry.

You visited 1 branch

Inventory:

Hand weapons
 a - a +0 flail
 M - the +7 great mace "Firestarter" (weapon) {flame, rF++}
   (You found it in the Dungeon)

   It emits flame when wielded, causing extra injury to most foes and up to
   double damage against particularly susceptible opponents.
   It greatly protects you from fire.
Armour
 K - the +15 Maxwell's patent armour (worn) {rC+ rF+, -Cast -Tele MR+}
   (You found it in the Dungeon)

   It affects your resistance to hostile enchantments.
   It prevents spellcasting.
   It prevents most forms of teleportation.
 L - the +18 shield of the gong (worn) {rElec rN+ MR+ EV-5}
   (You found it in the Dungeon)

   It affects your evasion (-5).
   It insulates you from electricity.
   It protects you from negative energy.
   It affects your resistance to hostile enchantments.
 P - a +1 pair of gloves of archery (worn)
Magical devices
 x - a wand of disintegration (7)
 y - a wand of fire (5)
 z - a wand of cold (2)
Comestibles
 d - 5 bread rations
 v - 42 fruits
 w - 4 meat rations
 T - 2 chunks of quicksilver dragon flesh
Scrolls
 c - a scroll of brand weapon
 o - 4 scrolls of amnesia
 p - 3 scrolls of recharging
 q - 7 scrolls of fog
 r - a scroll of holy word
 s - 5 scrolls of identify
 t - 4 scrolls of remove curse
 u - 2 scrolls of fear
Jewellery
 A - a +6 ring of dexterity (right hand)
 B - a +6 ring of dexterity
 C - a +6 ring of intelligence
 D - a +6 ring of intelligence
 E - a +6 ring of strength (left hand)
 F - a +6 ring of strength
 G - an uncursed ring of flight
 S - an uncursed ring of protection from cold
 U - the amulet of Thruo (around neck) {Faith MR+ Str+4 SInv Stlth+}
   (You found it in the Dungeon)

   [amulet of faith]

   It allows you to gain divine favour quickly.
   It affects your strength (+4).
   It affects your resistance to hostile enchantments.
   It enhances your eyesight.
   It makes you more stealthy.
 V - the cursed ring "Xaixa" {rF+ Dex+3}
   (You found it in the Dungeon)

   [ring of protection from fire]

   It affects your dexterity (+3).
   It protects you from fire.
   It has a curse placed upon it.
 Z - an uncursed ring of protection from magic
Potions
 e - 7 potions of might
 f - 9 potions of curing
 h - 2 potions of brilliance
 i - 7 potions of magic
 j - 2 potions of invisibility
 k - 2 potions of restore abilities
 l - 4 potions of resistance
 n - 5 potions of agility
Books
 b - a manual of Necromancy
 m - a book of Minor Magic

   Spells                             Type                      Level
   Magic Dart                         Conjuration                  1
   Blink                              Translocation                2
   Call Imp                           Summoning                    2
   Repel Missiles                     Charms/Air                   2
   Slow                               Hexes                        2
   Conjure Flame                      Conjuration/Fire             3
   Mephitic Cloud                     Conjuration/Poison/Air       3
 H - a tome of Destruction
 I - a tome of Destruction
 N - a book of Control

   Spells                             Type                      Level
   Control Teleport                   Charms/Translocation         4
   Control Undead                     Necromancy                   4
   Enslavement                        Hexes                        4
   Metabolic Englaciation             Hexes/Ice                    5
   Mass Confusion                     Hexes                        6
 O - the Guide on Icy Confrontation
   (You found it in the Dungeon)

   Spells                             Type                      Level
   Sting                              Conjuration/Poison           1
   Freeze                             Ice                          1
   Ozocubu's Armour                   Charms/Ice                   3
   Condensation Shield                Ice                          4
   Venom Bolt                         Conjuration/Poison           5
   Poisonous Cloud                    Conjuration/Poison/Air       6
 Q - a book of the Warp

   Spells                             Type                      Level
   Control Teleport                   Charms/Translocation         4
   Phase Shift                        Translocation                5
   Warp Weapon                        Charms/Translocation         5
   Dispersal                          Translocation                6
   Controlled Blink                   Translocation                7
   Disjunction                        Translocation                8
 R - a book of Dreams

   Spells                             Type                      Level
   Ensorcelled Hibernation            Hexes/Ice                    2
   Flight                             Charms/Air                   3
   Phase Shift                        Translocation                5
   Shadow Creatures                   Summoning                    5
   Mass Confusion                     Hexes                        6
   Darkness                           Hexes                        7
Miscellaneous
 J - a disc of storms
 W - a stone of tremors
 X - a sack of spiders
 Y - a box of beasts


   Skills:
 - Level 9.0 Fighting
 + Level 17.6 Maces & Flails
 - Level 14.7 Armour
 - Level 12.4 Dodging
 - Level 6.2 Shields
 - Level 19.0 Invocations


You had 12 spell levels left.
You didn't know any spells.

Dungeon Overview and Level Annotations

Branches:
Dungeon (1/1)

Altars:
Ashenzari
Cheibriados
Dithmenos
Elyvilon
Fedhas
Gozag
Kikubaaqudgha
Makhleb
Nemelex Xobeh
Okawaru
Qazlal
Sif Muna
Trog
Vehumet
Xom
Yredelemnul
Zin
The Shining One
Beogh
Jiyva
Lugonu


Innate Abilities, Weirdness & Mutations

Your are under a permanent stasis effect.
You can dig through walls and to a lower floor.
Your four strong arms can wield two-handed weapons with a shield.
You have a pair of large antennae on your head (SInv).


Message History

The angel hits you but does no damage. The apis closely misses you.
The angel barely misses you. You block the angel's attack.
GONNNNG!
You block the apis' attack.
SHROANNG!
The pearl dragon breathes holy energy at you.
The blast of cleansing flame hits you! You resist.
The apis gores you but does no damage.
Drink which item? (? for menu, Esc to quit)
You feel much better. You block the angel's attack.
GONNNNG!
You block the angel's attack.
BONNNG!
The apis gores you!! You block the pearl dragon's attack.
GONNNNG!
The pearl dragon claws you! The apis gores you but does no damage.
The apis' inner flame fades away.
The angel hits you from afar with the +10 glaive of Scorn {chop, rElec}!!
* * * LOW HITPOINT WARNING * * *
You die...

▓..)}))){ ▓...:})|..▓
▓..|):|:..▓...|")}..▓
▓.........▓.........▓
▓.........▓.........▓
▓.........▓.........▓
▓.A.......▓.........▓
▓.A▓.A.▓..▓.........▓
▓AYDY.....▓%▓.....▓.▓
▓§§§@§....▓%........▓
▓▓▓▓▓▓▓▓▓▓▓▓▓▓▓▓▓▓▓▓▓
{{ {{{ {


{{{{{ {{ {{{{{ {{{{{ {{ {{{{{ { {{ { { {{{{ { You could see 2 apis, a pearl
dragon (roused), 2 angels and a cherub (roused).

Vanquished Creatures
  2 quicksilver dragons (D)
  A daeva (D)
  An iron dragon (D)
  A grey draconian (D)
  A green draconian (D)
  A mottled draconian (D)
  2 crystal guardians (D)
  A centaur warrior (D)
  Erica (D)
  4 iron golems (D)
  2 deep elf knights (D)
  Erolcha (D)
  A deep elf conjurer (D)
  4 draconians (D)
  3 cyclopes (D)
  2 yaktaurs (D)
  A rust devil (D)
  A blue devil (D)
  2 slime creatures (D)
  2 basilisks (D)
  3 yaks (D)
  A tarantella (shapeshifter) (D)
  Edmund (D)
  Sigmund (D)
  Duvessa (D)
  Blork the orc (D)
  An earth elemental (D)
  2 scorpions (D)
  3 quasits (D)
  Dowan (D)
  Crazy Yiuf (D)
  4 jellies (D)
  2 orc wizards (D)
  Jessica (D)
  An adder (D)
  A green rat (D)
  A shadow imp (D)
  3 giant mites (D)
  An ooze (D)
  A jackal (D)
65 creatures vanquished.

Notes
Turn   | Place    | Note
--------------------------------------------------------------
     0 | D        | Gustav, the Formicid Fighter, began the quest for the Orb.
     0 | D        | Reached XP level 1. HP: 18/18 MP: 1/1
     0 | D        | Found an ancient bone altar of Kikubaaqudgha.
     1 | D        | Found a basalt altar of Yredelemnul.
     3 | D        | Found a radiant altar of Vehumet.
     4 | D        | Found a shimmering altar of Xom.
     4 | D        | Found an iron altar of Okawaru.
     8 | D        | Became a worshipper of the Shining One
    14 | D        | Found a roughly hewn altar of Beogh.
    14 | D        | Found a corrupted altar of Lugonu.
    14 | D        | Found a burning altar of Makhleb.
    15 | D        | Found a white marble altar of Elyvilon.
    17 | D        | Found a sparkling altar of Nemelex Xobeh.
    17 | D        | Found a deep blue altar of Sif Muna.
    23 | D        | Found a bloodstained altar of Trog.
   117 | D        | Reached skill level 6 in Maces & Flails
   117 | D        | Reached XP level 2. HP: 24/24 MP: 3/3
   120 | D        | Entered arena 1.
   120 | D        | Noticed an orc wizard
   120 | D        | Noticed an orc wizard
   123 | D        | Killed an orc wizard
   123 | D        | Reached skill level 7 in Maces & Flails
   123 | D        | Reached XP level 3. HP: 29/29 MP: 4/4
   125 | D        | Killed an orc wizard
   125 | D        | Reached skill level 8 in Maces & Flails
   125 | D        | Reached XP level 4. HP: 32/35 MP: 5/5
   130 | D        | Entered arena 2.
   130 | D        | Noticed a slime creature
   130 | D        | Noticed a slime creature
   130 | D        | Acquired the Shining One's first power
   142 | D        | Killed a slime creature
   142 | D        | Reached skill level 11 in Maces & Flails
   142 | D        | Reached XP level 5. HP: 21/41 MP: 7/7
   142 | D        | Reached XP level 6. HP: 24/47 MP: 8/8
   146 | D        | Killed a slime creature
   146 | D        | Reached skill level 13 in Maces & Flails
   146 | D        | Reached XP level 7. HP: 23/52 MP: 9/9
   312 | D        | Entered arena 3.
   312 | D        | Noticed a jelly
   312 | D        | Noticed a jelly
   312 | D        | Noticed a jelly
   312 | D        | Noticed a jelly
   314 | D        | Killed a jelly
   316 | D        | Killed a jelly
   316 | D        | Killed a jelly
   316 | D        | Reached skill level 14 in Maces & Flails
   316 | D        | Killed a jelly
   343 | D        | Entered arena 4.
   343 | D        | Noticed a deep elf knight
   343 | D        | Acquired the Shining One's second power
   343 | D        | Noticed a tarantella
   343 | D        | Noticed a deep elf conjurer
   343 | D        | Noticed a deep elf knight
   349 | D        | Killed a tarantella
   349 | D        | Killed a deep elf conjurer
   349 | D        | Reached skill level 5 in Dodging
   349 | D        | Reached XP level 8. HP: 36/58 MP: 11/11
   362 | D        | Killed a deep elf knight
   362 | D        | Reached XP level 9. HP: 43/64 MP: 12/12
   364 | D        | Killed a deep elf knight
   468 | D        | Entered arena 5.
   468 | D        | Noticed a scorpion
   468 | D        | Noticed a scorpion
   472 | D        | Killed a scorpion
   472 | D        | Killed a scorpion
   481 | D        | Identified the Guide on Icy Confrontation (You found it in the Dungeon)
   497 | D        | Entered arena 6.
   497 | D        | Noticed a cyclops
   497 | D        | Noticed a cyclops
   497 | D        | Noticed a cyclops
   497 | D        | Noticed a centaur warrior
   497 | D        | Noticed a yaktaur
   497 | D        | Acquired the Shining One's third power
   497 | D        | Noticed a yaktaur
   512 | D        | Killed a cyclops
   512 | D        | Reached skill level 10 in Dodging
   515 | D        | Killed a centaur warrior
   515 | D        | Reached XP level 10. HP: 65/70 MP: 13/13
   516 | D        | Killed a cyclops
   516 | D        | Killed a cyclops
   518 | D        | Killed a yaktaur
   522 | D        | Killed a yaktaur
   557 | D        | Entered arena 7.
   557 | D        | Noticed a quasit
   557 | D        | Noticed a blue devil
   557 | D        | Noticed a rust devil
   557 | D        | Noticed a quasit
   557 | D        | Noticed a quasit
   564 | D        | Killed a blue devil
   566 | D        | Killed a quasit
   571 | D        | Killed a rust devil
   571 | D        | Killed a quasit
   571 | D        | Acquired the Shining One's fourth power
   574 | D        | Killed a quasit
   647 | D        | Entered arena 8.
   647 | D        | Noticed a grey draconian
   647 | D        | Noticed a mottled draconian
   647 | D        | Noticed a draconian
   647 | D        | Noticed a draconian
   647 | D        | Noticed a draconian
   647 | D        | Noticed a draconian
   647 | D        | Noticed a green draconian
   659 | D        | Killed a green draconian
   659 | D        | Reached skill level 5 in Fighting
   659 | D        | Reached skill level 15 in Maces & Flails
   659 | D        | Reached XP level 11. HP: 70/80 MP: 15/15
   663 | D        | Killed a draconian
   664 | D        | Killed a grey draconian
   664 | D        | Reached skill level 16 in Maces & Flails
   665 | D        | Killed a draconian
   668 | D        | Killed a mottled draconian
   673 | D        | Killed a draconian
   673 | D        | Reached skill level 17 in Maces & Flails
   675 | D        | Killed a draconian
   765 | D        | Entered arena 9.
   765 | D        | Noticed a yak
   765 | D        | Noticed a basilisk
   765 | D        | Noticed a basilisk
   765 | D        | Noticed a yak
   765 | D        | Noticed a yak
   770 | D        | Killed a basilisk
   770 | D        | Killed a basilisk
   772 | D        | Killed a yak
   775 | D        | Killed a yak
   775 | D        | Reached skill level 5 in Invocations
   776 | D        | Killed a yak
   801 | D        | Got the cursed ring "Xaixa" {rF+ Dex+3}
   803 | D        | Entered arena 10.
   803 | D        | Noticed Sigmund
   803 | D        | Noticed Jessica
   803 | D        | Noticed Blork the orc
   803 | D        | Noticed Crazy Yiuf
   803 | D        | Noticed Dowan
   803 | D        | Noticed Duvessa
   803 | D        | Noticed Edmund
   803 | D        | Noticed Erica
   803 | D        | Noticed Erolcha
   818 | D        | Killed Erica
   818 | D        | Killed Duvessa
   818 | D        | Killed Edmund
   818 | D        | Reached XP level 12. HP: 75/95 MP: 23/26
   822 | D        | Killed Erolcha
   822 | D        | Killed Blork the orc
   822 | D        | Killed Crazy Yiuf
   822 | D        | Reached skill level 10 in Invocations
   826 | D        | Killed Jessica
   826 | D        | Killed Dowan
   829 | D        | Killed Sigmund
   884 | D        | Entered arena 11.
   884 | D        | Noticed an iron golem
   884 | D        | Noticed a quicksilver dragon
   884 | D        | Noticed a crystal guardian
   884 | D        | Noticed an iron dragon
   884 | D        | Noticed an earth elemental
   884 | D        | Noticed a crystal guardian
   884 | D        | Noticed an iron golem
   884 | D        | Noticed an iron golem
   885 | D        | Noticed a quicksilver dragon
   885 | D        | Noticed an iron golem
   894 | D        | Killed a quicksilver dragon
   894 | D        | Was placed under penance by the Shining One
   906 | D        | Killed an iron golem
   911 | D        | Killed a quicksilver dragon
   918 | D        | Killed a crystal guardian
   922 | D        | Killed a crystal guardian
   926 | D        | Killed an earth elemental
   935 | D        | Killed an iron dragon
   935 | D        | Reached skill level 18 in Invocations
   945 | D        | Killed an iron golem
   945 | D        | Reached XP level 13. HP: 17/101 MP: 29/33
   945 | D        | The Shining One protects you from harm!
   959 | D        | Killed an iron golem
   959 | D        | Reached skill level 19 in Invocations
   969 | D        | Killed an iron golem
   980 | D        | Got the amulet of Thruo {Faith MR+ Str+4 SInv Stlth+}
  1082 | D        | Entered arena 12.
  1082 | D        | Noticed an angel
  1082 | D        | Noticed a pearl dragon
  1082 | D        | Noticed a cherub
  1082 | D        | Noticed an apis
  1082 | D        | Noticed a cherub
  1082 | D        | Noticed an apis
  1085 | D        | Noticed an angel
  1093 | D        | HP: 4/101 [angel/the +10 glaive of Scorn {chop, rElec} (30)]
  1093 | D        | Identified the +10 glaive of Scorn {chop, rElec}
  1093 | D        | Slain by an angel

Action                   |  1- 3 |  4- 6 |  7- 9 | 10-12 | 13-15 || total
-------------------------+-------+-------+-------+-------+-------++-------
Melee: Great mace        |     3 |     8 |    27 |   117 |    25 ||   180
Invok: Summon Divine War |       |       |       |     1 |       ||     1
Evoke: Wand              |       |     2 |     1 |       |       ||     3
  Use: Scroll            |     2 |       |     1 |       |       ||     3
       Potion            |     1 |     2 |     1 |     7 |     3 ||    14
  Eat: Chunk             |       |       |       |       |     1 ||     1
